 Dungeon Crawl Stone Soup version 0.19.1 (webtiles) character file.

9000 Malachi the Destroyer (level 11, -5/81 HPs)
             Began as a Demonspawn Conjurer on Nov 25, 2016.
             Was a Believer of Vehumet.
             Slain by an eight-headed hydra (11 damage)
             ... on level 1 of the Lair of Beasts.
             The game lasted 00:33:56 (14754 turns).

Malachi the Destroyer (Demonspawn Conjurer)        Turns: 14754, Time: 00:33:58

Health: -5/81      AC: 20    Str: 14    XL:     11   Next: 17%
Magic:  5/17       EV: 16    Int: 19    God:    Vehumet [**....]
Gold:   626        SH:  0    Dex: 14    Spells: 4 memorised, 9 levels left

rFire  . . .     SeeInvis .     I - +2 short sword (elec)
rCold  . . .     Gourm    .     J - +2 robe of Efrotuxo {rN++ MR- Str+5}
rNeg   + + .     Faith    .     (no shield)
rPois  .         Spirit   .     O - +0 helmet
rElec  .         Reflect  .     G - +0 cloak
rCorr  +         Harm     .     D - +1 pair of gloves
MR     .....                    p - +2 pair of boots
Stlth  +++.......               C - amulet of magic regeneration
                                N - ring of resist corrosion
                                B - ring of wizardry

@: about to teleport, sanguine armour, very slightly contaminated, hasted, very
quick
A: talons 2, demonic guardian 1, powered by death 2, sanguine armour 2
a: Renounce Religion


You were on level 1 of the Lair of Beasts.
You worshipped Vehumet.
Vehumet was pleased with you.
You were very hungry.

You visited 3 branches of the dungeon, and saw 12 of its levels.
You also visited: Ossuary.

You collected 768 gold pieces.
You spent 142 gold pieces at shops.

Inventory:

Hand Weapons
 d - a +0 rapier of draining
 I - a +2 short sword of electrocution (weapon)
Missiles
 y - 3 exploding tomahawks (quivered)
Armour
 p - a +2 pair of boots (worn)
 D - a +1 pair of gloves (worn)
 G - a +0 cloak (worn)
 J - the +2 robe of Efrotuxo (worn) {rN++ MR- Str+5}
   (You bought it in a shop on level 4 of the Dungeon)

   It affects your strength (+5).
   It greatly protects you from negative energy.
   It affects your resistance to hostile enchantments.
 O - a +0 helmet (worn)
Jewellery
 A - an uncursed amulet of regeneration
 B - a ring of wizardry (left hand)
 C - an amulet of magic regeneration (around neck)
 N - a ring of resist corrosion (right hand)
Wands
 a - a wand of slowing (21/48)
 e - a wand of hasting (2/9)
 s - a wand of heal wounds (2/9)
 w - a wand of iceblast (0/15)
 Q - a wand of flame (16/48)
 R - a wand of iceblast (0/15)
 U - a wand of iceblast (0/15)
 Y - a wand of random effects (34/48)
Scrolls
 i - a scroll of enchant armour
 j - 6 scrolls of remove curse
 m - 6 scrolls of enchant weapon
 n - 5 scrolls of amnesia
 x - 2 scrolls of recharging
 E - 5 scrolls of teleportation
 V - a scroll of identify
Potions
 f - 8 potions of curing
 g - 2 potions of might
 h - a potion of mutation
 l - a potion of haste {unknown}
 r - 2 potions of heal wounds
 t - 5 potions of flight
 u - a potion of berserk rage
 v - 3 potions of magic
 z - 2 potions of cure mutation
 F - 3 potions of agility
 H - a potion of resistance {unknown}
 L - a potion of invisibility
 T - a potion of lignification {unknown}
Books
 b - a book of Conjurations

   Spells                             Type                      Level
   a - Magic Dart                     Conjuration                  1
   b - Searing Ray                    Conjuration                  2
   c - Dazzling Spray                 Conjuration/Hexes            3
   d - Fulminant Prism                Conjuration/Hexes            4
   e - Iskenderun's Mystic Blast      Conjuration                  4
   f - Iskenderun's Battlesphere      Conjuration/Charms           5
 k - a book of Callings

   Spells                             Type                      Level
   a - Summon Small Mammal            Summoning                    1
   b - Call Imp                       Summoning                    2
   c - Call Canine Familiar           Summoning                    3
   d - Summon Guardian Golem          Hexes/Summoning              3
   e - Summon Lightning Spire         Summoning/Air                4
   f - Summon Ice Beast               Ice/Summoning                4
 K - a Young Poisoner's Handbook

   Spells                             Type                      Level
   a - Sting                          Conjuration/Poison           1
   b - Mephitic Cloud                 Conjuration/Poison/Air       3
   c - Olgreb's Toxic Radiance        Poison                       4
   d - Alistair's Intoxication        Transmutation/Poison         5
   e - Venom Bolt                     Conjuration/Poison           5
 S - a book of Geomancy

   Spells                             Type                      Level
   a - Sandblast                      Earth                        1
   b - Passwall                       Transmutation/Earth          2
   c - Stone Arrow                    Conjuration/Earth            3
   d - Petrify                        Transmutation/Earth          4
   e - Lee's Rapid Deconstruction     Earth                        5
Comestibles
 c - 10 bread rations
 o - 3 meat rations
 q - a slice of pizza
 P - 2 beef jerkies
 X - 4 fruits


   Skills:
 + Level 5.8 Fighting
 + Level 7.6 Short Blades
   Level 3.6 Polearms
 + Level 7.2 Dodging
 + Level 5.6 Stealth
 + Level 4.5 Spellcasting
 * Level 9.5 Conjurations
 + Level 0.4 Evocations


You had 9 spell levels left.
You knew the following spells:

 Your Spells              Type           Power        Failure   Level  Hunger
a - Magic Dart            Conj           ####         1%          1    None
b - Searing Ray           Conj           #####.       1%          2    #......
c - Dazzling Spray        Conj/Hex       ###...       3%          3    ###....
d - Iskenderun's Mystic   Conj           #####...     1%          4    ####...


Dungeon Overview and Level Annotations

Branches:
Dungeon (9/15)             Temple (1/1) D:7            Lair (2/6) D:9
  Swamp: Lair:2-4    Shoals: Lair:2-4     Snake: Lair:2-4    Spider: Lair:2-4
    Orc: D:9-12

Altars:
Ashenzari
Cheibriados
Elyvilon
Fedhas
Gozag
Hepliaklqana
Kikubaaqudgha
Makhleb
Nemelex Xobeh
Okawaru
Qazlal
Ru
Trog
Uskayaw
Vehumet
Xom
Yredelemnul
Zin
The Shining One

Shops:
D:4 *[[   D:5 %   D:9 *

Annotations:
Lair:2 smzp's ghost, journeyman MiMo


Innate Abilities, Weirdness & Mutations

You have razor-sharp toenails.
A weak demonic guardian rushes to your aid.
You regenerate health from kills.
When seriously injured, your bleeding wounds create thick armour. (AC +9)


Message History

The eight-headed hydra bites you.
The eight-headed hydra closely misses you.
The eight-headed hydra barely misses you.
The eight-headed hydra closely misses you.
The eight-headed hydra bites you but does no damage. x3
The eight-headed hydra barely misses you.
As you read the scroll of teleportation, it crumbles to dust.
You feel strangely unstable.
Your iron imp barely misses the eight-headed hydra.
The eight-headed hydra barely misses you.
The eight-headed hydra bites you.
* * * LOW HITPOINT WARNING * * *
The eight-headed hydra bites you but does no damage. x2
The eight-headed hydra bites you!
* * * LOW HITPOINT WARNING * * *
The eight-headed hydra bites you.
* * * LOW HITPOINT WARNING * * *
The eight-headed hydra closely misses you.
The eight-headed hydra bites you!
You die...

###.# #.#. #...# #.#.
#...# #.## #.### #...
##.# #.## #..# #...
##5# ##.. #D.### ###
####@##.###### #.
#............# #.
#....>.......## ##
#.........)...# ###
#............## ###P.
#............## #....
##.............###.##.
#....).............##.
##............##..###.


You could see an eight-headed hydra and a friendly iron imp.

Vanquished Creatures
  A hydra (Lair:1)
  2 spiny frogs (Lair:1)
  A komodo dragon (Lair:1)
  The ghost of TheSquall the Destroyer, a novice DECj of Vehumet (D:5)
  A two-headed ogre (D:9)
  Grinder (D:8)
  2 hippogriffs
  6 yaks
  Menkaure (D:4)
  A water moccasin (D:9)
  3 porcupines (Lair:1)
  2 ice beasts
  2 sky beasts
  3 orc warriors
  2 black bears (D:8)
  A phantom (D:5)
  6 ogres
  7 centaurs
  3 crocodiles (Lair:2)
  A big kobold (D:8)
  2 gnoll sergeants
  7 bullfrogs
  Dowan (D:5)
  2 scorpions
  6 killer bees (D:8)
  3 wights (D:8)
  A howler monkey (D:9)
  A crimson imp (D:8)
  A bullfrog zombie (D:7)
  An orc priest (D:9)
  A gnoll shaman (D:7)
  3 hounds
  7 orc wizards
  2 bullfrog skeletons
  3 jellies
  Jessica (D:2)
  2 iguanas
  Ijyb (D:3)
  Natasha (twice) (D:3)
  6 worker ants
  A big kobold zombie (Ossuary)
  A hound zombie (D:6)
  A hound skeleton (D:4)
  8 mummies (Ossuary)
  Robin (D:2)
  12 adders
  22 gnolls
  2 shadow imps
  An adder zombie (D:4)
  A worm (D:2)
  2 dart slugs
  11 leopard geckos
  21 orcs
  3 ball pythons
  11 giant cockroaches
  2 gnoll zombies (Ossuary)
  16 goblins
  9 hobgoblins
  19 jackals
  A quokka (D:7)
  8 bats
  10 frilled lizards
  3 hobgoblin zombies (Ossuary)
  A jackal zombie (D:7)
  8 kobolds
  A leopard gecko zombie (D:9)
  2 orc zombies (Ossuary)
  5 rats
283 creatures vanquished.

Vanquished Creatures (collateral kills)
  A spriggan (D:9)
  A basilisk (D:8)
  Duvessa (D:5)
  An orc warrior (D:9)
  A sky beast (D:8)
  2 ogres
  2 orc wizards (D:4)
  A leopard gecko (D:8)
  2 orcs
  A jackal (D:7)
13 creatures vanquished.

Vanquished Creatures (others)
  2 fungi (Lair:1)
  A plant (Lair:1)
3 creatures vanquished.

Grand Total: 299 creatures vanquished

Notes
Turn   | Place    | Note
-------+----------+-------------------------------------------
     0 | D:1      | Malachi the Demonspawn Conjurer began the quest for the Orb.
     0 | D:1      | Reached XP level 1. HP: 13/13 MP: 3/3
   530 | D:1      | Gained mutation: When seriously injured, your bleeding wounds create armour. (AC +9) [demonic ancestry]
   530 | D:1      | Reached XP level 2. HP: 16/19 MP: 3/5
  1081 | D:1      | Gained mutation: When seriously injured, your bleeding wounds create thick armour. (AC +9) [demonic ancestry]
  1081 | D:1      | Reached XP level 3. HP: 16/24 MP: 0/6
  1407 | D:2      | Learned a level 2 spell: Searing Ray
  1411 | D:2      | Learned a level 3 spell: Dazzling Spray
  1485 | D:2      | Noticed Jessica
  1647 | D:2      | Killed Jessica
  1647 | D:2      | Reached skill level 5 in Conjurations
  1647 | D:2      | Reached XP level 4. HP: 27/30 MP: 3/7
  2375 | D:3      | Noticed Robin
  2407 | D:2      | Killed Robin
  2407 | D:2      | Reached skill level 1 in Polearms
  2711 | D:3      | Noticed Ijyb
  2723 | D:3      | Killed Ijyb
  2723 | D:3      | Reached XP level 5. HP: 33/35 MP: 3/9
  2905 | D:3      | Found a faded altar of an unknown god.
  2906 | D:3      | Noticed Natasha
  2914 | D:3      | Killed Natasha
  3138 | D:3      | Noticed Natasha
  3162 | D:3      | Killed Natasha
  3438 | D:3      | Found an opulent altar of Gozag.
  3438 | D:3      | Found a stormy altar of Qazlal.
  3447 | D:3      | Found a faded altar of an unknown god.
  3449 | D:3      | Found a sacrificial altar of Ru.
  3451 | D:3      | Found a faded altar of an unknown god.
  3502 | D:3      | Gained mutation: A weak demonic guardian rushes to your aid. [demonic ancestry]
  3502 | D:3      | Reached XP level 6. HP: 27/42 MP: 6/10
  4258 | D:4      | Found a sand-covered staircase.
  4266 | Ossuary  | Entered an ossuary
  4296 | Ossuary  | Reached skill level 1 in Fighting
  5258 | D:4      | Learned a level 4 spell: Iskenderun's Mystic Blast
  5347 | D:4      | Gained mutation: You regenerate a little health from kills. [demonic ancestry]
  5347 | D:4      | Reached XP level 7. HP: 47/48 MP: 6/11
  5376 | D:4      | Found Eshet's Antique Armour Emporium.
  5383 | D:4      | Bought a shimmering robe for 142 gold pieces
  5393 | D:4      | Identified the +2 robe of Efrotuxo {rN++ MR- Str+5} (You bought it in a shop on level 4 of the Dungeon)
  5608 | D:4      | Found Kysaug's Armour Boutique.
  5619 | D:4      | Reached skill level 6 in Conjurations
  5676 | D:4      | Noticed Menkaure
  5697 | D:4      | Killed Menkaure
  5867 | D:4      | Found Etyteoff's General Store.
  6275 | D:5      | Entered Level 5 of the Dungeon
  6390 | D:5      | Noticed TheSquall's ghost (novice DECj)
  6416 | D:5      | Killed TheSquall's ghost
  6416 | D:5      | Reached skill level 1 in Short Blades
  6423 | D:5      | Noticed Grinder
  6424 | D:5      | Noticed Duvessa
  6427 | D:5      | Noticed Dowan
  6463 | D:4      | Gained mutation: You have sharp toenails. [demonic ancestry]
  6463 | D:4      | Reached XP level 8. HP: 36/56 MP: 8/13
  6605 | D:5      | Found Vubi's Food Shoppe.
  6701 | D:5      | Found a shattered altar of Ashenzari.
  6940 | D:5      | Killed Duvessa
  6955 | D:5      | Killed Dowan
  7114 | D:5      | Reached skill level 7 in Conjurations
  7958 | D:6      | Gained mutation: You have razor-sharp toenails. [demonic ancestry]
  7958 | D:6      | Reached XP level 9. HP: 59/64 MP: 15/15
  8143 | D:7      | Found a staircase to the Ecumenical Temple.
  8312 | D:7      | Found a blossoming altar of Fedhas.
  8554 | Temple   | Entered the Ecumenical Temple
  8632 | Temple   | Became a worshipper of Vehumet
  8705 | D:8      | Reached skill level 5 in Short Blades
  8713 | D:8      | Paralysed by Grinder for 3 turns
  8718 | D:8      | Killed Grinder
  8794 | D:8      | Reached skill level 5 in Dodging
  9060 | D:8      | Found a bloodstained altar of Trog.
  9064 | D:8      | Reached skill level 8 in Conjurations
  9299 | D:8      | Reached * piety under Vehumet
  9299 | D:8      | Offered knowledge of Shock by Vehumet.
  9391 | D:8      | Reached XP level 10. HP: 73/73 MP: 16/16
 10407 | D:9      | Found a burning altar of Makhleb.
 10495 | D:9      | Reached skill level 5 in Fighting
 10547 | D:9      | Reached skill level 5 in Stealth
 10549 | D:9      | Offered knowledge of Freeze by Vehumet.
 10912 | D:9      | Reached ** piety under Vehumet
 11138 | D:9      | Found Suwat's General Store.
 11663 | D:9      | Found a staircase to the Lair.
 11762 | Lair:1   | Entered Level 1 of the Lair of Beasts
 12371 | Lair:1   | Reached skill level 9 in Conjurations
 12571 | Lair:1   | Noticed a spiny frog
 12579 | Lair:1   | Killed a spiny frog
 13158 | Lair:2   | Noticed smzp's ghost (journeyman MiMo)
 13844 | Lair:1   | Noticed a spiny frog
 13854 | Lair:1   | HP: 3/74 [spiny frog (7)]
 13858 | Lair:1   | Killed a spiny frog
 14251 | Lair:1   | Gained mutation: You regenerate health from kills. [demonic ancestry]
 14251 | Lair:1   | Reached XP level 11. HP: 58/80 MP: 15/17
 14511 | Lair:2   | Noticed a four-headed hydra
 14683 | Lair:1   | Noticed an eight-headed hydra
 14723 | Lair:1   | Killed a four-headed hydra
 14754 | Lair:1   | Slain by an eight-headed hydra

Skill      XL: |  1  2  3  4  5  6  7  8  9 10 |
---------------+-------------------------------+-----
Dodging        | 2 3 4 5 7 |  7.2
Conjurations   | 5 6 7 8 9 |  9.5
Stealth        | 2 3 4 5 |  5.6
Polearms       | 1 2 3 |  3.6
Spellcasting   | 3 4 |  4.5
Fighting       | 1 2 3 4 5 |  5.8
Short Blades   | 1 4 6 7 |  7.6
Evocations     | |  0.4

Action                   |  1- 3 |  4- 6 |  7- 9 | 10-12 || total
-------------------------+-------+-------+-------+-------++-------
Melee: Unarmed           |    13 |       |       |       ||    13
       Spear             |    17 |   188 |       |       ||   205
       Dagger            |     8 |       |       |       ||     8
       Short sword       |       |       |   400 |   274 ||   674
 Cast: Magic Dart        |    57 |    57 |     7 |     4 ||   125
       Searing Ray       |     1 |    20 |     9 |    21 ||    51
       Iskenderun's Myst |       |       |     3 |    17 ||    20
       Dazzling Spray    |       |       |     6 |     7 ||    13
Evoke: Wand              |       |       |       |    12 ||    12
  Use: Scroll            |       |    10 |     8 |    10 ||    28
       Potion            |       |     1 |       |       ||     1
 Stab: Sleeping          |       |     8 |    10 |     9 ||    27
       Distracted        |       |     1 |     2 |     2 ||     5
  Eat: Chunk             |     3 |     8 |    14 |    14 ||    39
       Meat ration       |       |     1 |       |       ||     1
       Fruit             |       |       |     1 |     1 ||     2
       Bread ration      |       |       |       |     1 ||     1
Armor: Robe              |     9 |    20 |   193 |   127 ||   349
       Animal skin       |       |    52 |       |       ||    52
Dodge: Dodged            |    32 |   151 |   291 |   277 ||   751
